 Dungeon Crawl Stone Soup version 0.22-a0-247-gbddf880 (webtiles) character file.

61907 varam the Unseen (level 14, -3/77 HPs)
             Began as a Spriggan Enchanter on Feb 24, 2018.
             Was an Initiate of Gozag.
             Slain by an orc warrior
             ... wielding a +0 hand axe
              (10 damage)
             ... on level 2 of the Orcish Mines.
             The game lasted 02:13:28 (27878 turns).

varam the Unseen (Spriggan Enchanter)              Turns: 27878, Time: 02:13:28

Health: -3/77      AC:  9    Str:  8    XL:     14   Next: 62%
Magic:  24/24      EV: 27    Int: 22    God:    Gozag
Gold:   5087       SH: 10    Dex: 17    Spells: 13/25 levels left

rFire    + . .     SeeInvis +   A - +4 dagger (elec)
rCold    + + .     Gourm    .   r - +0 buckler
rNeg     . . .     Faith    .   U - +4 skin of Zhor {rC+++}
rPois    +         Spirit   .   (helmet restricted)
rElec    +         Reflect  +   z - +2 cloak
rCorr    .         Harm     .   (gloves unavailable)
MR       +++..                  (boots unavailable)
Stlth    ++++++++..             B - +3 amulet of reflection
HPRegen  0.22/turn              Z - ring "Taass" {rPois Int+5 Slay+2}
MPRegen  0.19/turn              K - ring of Caduem {Fire rElec MR+}

@: very quick
A: very small, unfitting armour, see invisible, herbivore, speed 3, slow
metabolism 2
a: Potion Petition, Call Merchant, Bribe Branch, Renounce Religion


You were on level 2 of the Orcish Mines.
You worshipped Gozag.
Gozag was greatly pleased with you.
You were not hungry.

You visited 4 branches of the dungeon, and saw 23 of its levels.
You also visited: Labyrinth.

You collected 6492 gold pieces.
You spent 925 gold pieces at shops.
You paid 480 gold pieces to Gozag.

Inventory:

Hand Weapons
 a - a +2 short sword of holy wrath
 i - a +2 short sword of draining
 o - a +0 blowgun
 A - a +4 dagger of electrocution (weapon)
Missiles
 p - 82 poisoned needles
 y - 175 sling bullets
 S - 3 needles of confusion
Armour
 r - a +0 buckler (worn)
 z - a +2 cloak (worn)
 U - the +4 skin of Zhor (worn) {rC+++}
   (You found it in a labyrinth)

   It renders you almost immune to cold.
 X - a scarf of repulsion
Jewellery
 g - an uncursed ring of resist corrosion
 q - an uncursed ring of flight
 B - a +3 amulet of reflection (around neck)
 K - the ring of Caduem (right hand) {Fire rElec MR+}
   (You bought it in a shop on level 8 of the Dungeon)

   [ring of fire]

   It enhances your fire magic.
   It protects you from fire.
   It makes you vulnerable to cold.
   It insulates you from electricity.
   It affects your resistance to hostile enchantments.
 R - the ring of the Mage {Wiz MR++ Int+3}
   (You found it in a labyrinth)

   [ring of wizardry]

   It improves your spell success rate.
   It affects your intelligence (+3).
   It affects your resistance to hostile enchantments.
 Y - the ring "Poenuuti" {+Fly Dex+2}
   (You found it on level 6 of the Lair of Beasts)

   [ring of flight]

   It affects your dexterity (+2).
   It lets you fly.
 Z - the ring "Taass" (left hand) {rPois Int+5 Slay+2}
   (You found it on level 6 of the Lair of Beasts)

   [ring of intelligence]

   It affects your intelligence (+5).
   It affects your accuracy and damage with ranged weapons and melee attacks
   (+2).
   It protects you from poison.
Wands
 b - a wand of disintegration (11)
 l - a wand of acid (7)
 L - a wand of scattershot (8)
 O - a wand of paralysis (20)
 P - a wand of flame (64)
 Q - a wand of enslavement (26)
Scrolls
 e - 14 scrolls of remove curse
 h - 4 scrolls of blinking
 j - 6 scrolls of teleportation
 m - 2 scrolls of enchant weapon
 u - 2 scrolls of vulnerability
 v - a scroll of fear {unknown}
 w - 7 scrolls of fog
 x - 5 scrolls of amnesia
 C - 2 scrolls of noise
 E - a scroll of magic mapping {unknown}
 J - a scroll of brand weapon {unknown}
 N - a scroll of silence {unknown}
Potions
 d - 2 potions of heal wounds
 f - a potion of brilliance
 k - a potion of ambrosia {unknown}
 n - 3 potions of flight
 t - 10 potions of curing
 D - 2 potions of cancellation
 F - 3 potions of might
 H - 2 potions of lignification
 I - a potion of invisibility {unknown}
 M - 3 potions of agility
 T - a potion of resistance {unknown}
Miscellaneous
 s - a sack of spiders
 G - a lightning rod (4/4)
 V - a crystal ball of energy
 W - a phial of floods
Comestibles
 c - 19 rations


   Skills:
 - Level 10.0 Fighting
 - Level 10.0 Short Blades
 - Level 12.1 Dodging
 * Level 20.4 Stealth
 - Level 4.0 Shields
 - Level 6.0 Spellcasting
 + Level 11.8 Hexes
 - Level 3.1 Ice Magic
 + Level 8.5 Evocations


You had 13 spell levels left.
You knew the following spells:

 Your Spells              Type           Power        Failure   Level  Hunger
a - Ensorcelled Hibernat  Hex/Ice        #####.       1%          2    None
b - Corona                Hex            ######.      1%          1    None
c - Confuse               Hex            ######..     1%          3    #......
d - Regeneration          Chrm/Necr      #.........   32%         3    #......
e - Dazzling Spray        Conj/Hex       ####..       3%          3    #......


Dungeon Overview and Level Annotations

Branches:
Dungeon (14/15)            Temple (1/1) D:4            Lair (6/6) D:8
  Swamp (0/4) Lair:3       Spider (0/4) Lair:3        Slime (0/5) Lair:6
    Orc (2/2) D:12
    Elf: Orc:2       Vaults: D:13-14

Altars:
Cheibriados
Fedhas
Gozag
Hepliaklqana
Makhleb
Okawaru
Ru
Uskayaw
Vehumet
Wu Jian
Xom
Yredelemnul
Zin
The Shining One

Shops:
D:8 (=

Annotations:
D:13 1 runed door, exclusion: door
Lair:2 exclusion: oklob plant


Innate Abilities, Weirdness & Mutations

You are very small and have problems with some larger weapons.
You are too small for most types of armour.
You have supernaturally acute eyesight. (SInv)
You are a herbivore.
You cover ground extremely quickly.
You need consume almost no food.


Message History

Things that are here:
a mace; a leather armour You start resting.
Magic restored.
Evoke which item? (* to show all) (? for menu, Esc to quit)
Okay, then.
There is a stone staircase leading down here.
You eat one of the 20 rations.
That ration really hit the spot!
You climb downwards.
You feel an oppressive heat about you.
There is an entrance to a volcano on this level.
Hurry and find it before the entrance collapses!
You hear the rumble of a distant avalanche of rocks.
The orc warrior misses you. You block the orc's attack.
The stone giant throws a large rock.
The large rock hits you!!!
Ouch! That really hurt!
* * * LOW HITPOINT WARNING * * *
You block the orc's attack.
The orc warrior hits you with a hand axe!
You die...
Your body crumbles into a pile of gold.

..............#.
$
.............#..
............#...
............C...
.............(..
........(.......
.....oo.$$......
.....o.@$.......
$
......o$$$......
....o.(......<..
$
....o...........
#.....o.........
$
......#...$.....
.o.....#.#......
....(...#.......
$ .....#.#
#.##..#


You could see a stone giant, 3 orc warriors, an orc wizard and 4 orcs.

Vanquished Creatures
  A minotaur (Lab)
  9 hydras
  3 catoblepae (Lair:6)
  Erica (D:9)
  A centaur warrior (D:13)
  6 two-headed ogres
  7 death yaks (Lair:6)
  Nergalle (Orc:1)
  2 wizards
  An ugly thing (D:12)
  An orc knight (Orc:1)
  An orc sorcerer (Orc:1)
  2 cyclopes
  2 manticores (Lair:6)
  10 elephants
  A centaur zombie (D:11)
  6 black mambas
  Maurice (Orc:1)
  Joseph (D:7)
  10 spiny frogs
  5 komodo dragons
  5 rime drakes
  A demonic crawler (Lair:2)
  9 trolls
  A polar bear (Lair:6)
  12 blink frogs
  8 hippogriffs
  6 dream sheep
  A meliai zombie (D:14)
  5 large abominations (D:12)
  A vampire (D:13)
  2 basilisks
  Eustachio (D:5)
  2 wyverns
  2 steam dragons
  28 yaks
  A hungry ghost (D:7)
  4 vampire mosquitoes (D:13)
  Menkaure (D:7)
  5 swamp worms
  The ghost of anet the Ducker, an amateur HaWz of Ashenzari (D:4)
  A warg (Orc:1)
  Edmund (D:4)
  A soldier ant (D:8)
  15 water moccasins
  9 porcupines
  4 ice beasts
  8 orc warriors
  5 black bears
  9 sky beasts
  2 phantoms
  2 eyes of draining
  2 necrophages
  7 ogres
  11 centaurs
  4 wolves (Lair:4)
  6 crocodiles
  2 big kobolds
  22 bullfrogs
  2 scorpions (Lair:3)
  9 killer bees
  3 wights (D:8)
  8 electric eels
  2 crimson imps
  2 bullfrog zombies
  5 centaur skeletons
  10 hounds
  7 orc priests
  Crazy Yiuf (D:4)
  9 orc wizards
  2 bullfrog skeletons
  2 gnoll shamans
  4 iguanas
  7 small abominations (D:12)
  6 worker ants
  3 hound skeletons
  A worker ant zombie (D:7)
  A howler monkey zombie (D:8)
  14 adders
  10 gnolls
  A river rat (D:7)
  6 shadow imps
  4 oozes
  2 adder skeletons
  4 worms
  10 dart slugs
  5 leopard geckos
  73 orcs
  8 giant cockroaches
  5 goblins
  5 hobgoblins
  7 jackals
  3 quokkas
  A ball python (D:1)
  3 bats
  5 frilled lizards
  A goblin skeleton (D:6)
  A jackal skeleton (D:4)
  A jackal zombie (D:6)
  19 kobolds
  A leopard gecko skeleton (D:5)
  A quokka skeleton (D:7)
  5 rats
558 creatures vanquished.

Vanquished Creatures (others)
  11 fungi
  9 plants
20 creatures vanquished.

Grand Total: 578 creatures vanquished

Notes
Turn   | Place    | Note
-------+----------+-------------------------------------------
     0 | D:1      | varam the Spriggan Enchanter began the quest for the Orb.
     0 | D:1      | Reached XP level 1. HP: 9/9 MP: 5/5
   747 | D:1      | Reached skill level 2 in Short Blades
   747 | D:1      | Reached skill level 5 in Stealth
   747 | D:1      | Reached XP level 2. HP: 9/13 MP: 3/6
   863 | D:1      | Learned a level 2 spell: Ensorcelled Hibernation
  1740 | D:2      | Found a radiant altar of Vehumet.
  1862 | D:2      | Reached XP level 3. HP: 16/16 MP: 6/8
  2090 | D:2      | Found a sacrificial altar of Ru.
  2694 | D:3      | Learned a level 3 spell: Confuse
  2723 | D:3      | Reached skill level 6 in Stealth
  2729 | D:3      | Reached skill level 3 in Short Blades
  3074 | D:3      | Reached XP level 4. HP: 21/21 MP: 9/9
  3109 | D:4      | Found a staircase to the Ecumenical Temple.
  3161 | D:4      | Reached skill level 1 in Shields
  3161 | D:4      | Reached XP level 5. HP: 12/24 MP: 5/10
  3168 | Temple   | Entered the Ecumenical Temple
  3184 | Temple   | Became a worshipper of Gozag Ym Sagoz the Greedy
  3287 | D:4      | Learned a level 3 spell: Regeneration
  3339 | D:4      | Reached skill level 7 in Stealth
  3379 | D:4      | Found a glowing golden altar of the Shining One.
  3392 | D:4      | Reached skill level 4 in Short Blades
  3436 | D:4      | Noticed an ogre
  3443 | D:4      | Killed an ogre
  3443 | D:4      | Reached skill level 2 in Shields
  3443 | D:4      | Reached XP level 6. HP: 20/28 MP: 4/11
  3461 | D:4      | Reached skill level 8 in Stealth
  3628 | D:4      | HP: 1/28 [ogre/giant spiked club (15)]
  4367 | D:4      | Found a runed door.
  4409 | D:4      | Reached XP level 7. HP: 32/32 MP: 12/12
  4498 | D:4      | Noticed anet's ghost (amateur HaWz)
  4853 | D:4      | Found a burning altar of Makhleb.
  4860 | D:4      | Killed anet's ghost
  4860 | D:4      | Reached skill level 3 in Shields
  4860 | D:4      | Reached skill level 4 in Hexes
  5104 | D:4      | Noticed Edmund
  5127 | D:4      | Killed Edmund
  5127 | D:4      | Reached skill level 3 in Spellcasting
  5248 | D:4      | Noticed Crazy Yiuf
  5257 | D:4      | Killed Crazy Yiuf
  5318 | D:5      | Entered Level 5 of the Dungeon
  5332 | D:5      | Reached skill level 5 in Hexes
  5398 | D:5      | Reached skill level 4 in Spellcasting
  5434 | D:5      | Reached XP level 8. HP: 36/36 MP: 6/15
  5646 | D:5      | Reached skill level 4 in Shields
  5664 | D:5      | Found a shimmering altar of Xom.
  5695 | D:5      | Noticed Eustachio
  5706 | D:5      | Killed Eustachio
  5706 | D:5      | Reached skill level 1 in Fighting
  5706 | D:5      | Reached skill level 6 in Hexes
  5750 | D:5      | Reached skill level 4 in Dodging
  5784 | D:5      | Found a shimmering altar of Xom.
  6233 | D:6      | Reached skill level 2 in Fighting
  6233 | D:6      | Reached skill level 5 in Dodging
  6488 | D:6      | Reached skill level 6 in Dodging
  6737 | D:6      | Found a runed door.
  6740 | D:6      | Found a basalt altar of Yredelemnul.
  6754 | D:6      | Reached skill level 3 in Fighting
  6778 | D:6      | Reached skill level 1 in Ice Magic
  6992 | D:7      | Reached XP level 9. HP: 37/44 MP: 3/16
  7085 | D:7      | Noticed Joseph
  7090 | D:7      | Killed Joseph
  7090 | D:7      | Reached skill level 7 in Dodging
  7090 | D:7      | Reached skill level 2 in Ice Magic
  7110 | D:7      | Found a hazy altar of Hepliaklqana.
  7134 | D:7      | Reached skill level 7 in Hexes
  7414 | D:8      | Found a hide-covered altar of Uskayaw.
  7414 | D:8      | Noticed a dagger
  7414 | D:8      | Noticed a dagger
  7657 | D:7      | Found an opulent altar of Gozag.
  8178 | D:7      | Noticed Menkaure
  8359 | D:7      | Reached skill level 4 in Fighting
  8371 | D:7      | Killed Menkaure
  8371 | D:7      | Reached skill level 8 in Dodging
  8385 | D:7      | Reached skill level 3 in Ice Magic
  8474 | D:7      | Reached skill level 8 in Hexes
  8570 | D:7      | Reached skill level 9 in Stealth
  8666 | D:8      | Found a staircase to the Lair.
  8683 | Lair:1   | Entered Level 1 of the Lair of Beasts
  8683 | Lair:1   | Noticed a spiny frog
  8689 | Lair:1   | Killed a spiny frog
  8695 | Lair:1   | Noticed a four-headed hydra
  8726 | D:8      | Reached skill level 5 in Short Blades
  8782 | D:8      | Found Poukeidgh's Antique Weapon Shop.
  8795 | D:8      | Reached skill level 10 in Stealth
  8883 | D:8      | Reached XP level 10. HP: 42/49 MP: 2/17
  9056 | D:8      | Reached skill level 6 in Short Blades
  9578 | D:8      | Bought a fustibalus for 390 gold pieces
  9593 | D:8      | Reached skill level 11 in Stealth
  9645 | D:7      | Found a glowing silver altar of Zin.
  9645 | D:7      | Found a sacrificial altar of Ru.
  9677 | D:9      | Noticed Erica
  9920 | D:9      | Found a blossoming altar of Fedhas.
 10209 | D:9      | Reached skill level 7 in Short Blades
 10240 | D:9      | Noticed a two-headed ogre
 10275 | D:9      | Killed a two-headed ogre
 10275 | D:9      | Reached skill level 12 in Stealth
 10429 | D:9      | Reached skill level 8 in Short Blades
 10645 | D:9      | Killed Erica
 10645 | D:9      | Reached skill level 5 in Spellcasting
 10761 | D:9      | Reached skill level 6 in Spellcasting
 10829 | D:10     | Entered Level 10 of the Dungeon
 10837 | D:10     | Reached skill level 5 in Fighting
 11201 | D:10     | Noticed a two-headed ogre
 11224 | D:10     | Killed a two-headed ogre
 11286 | D:10     | Reached XP level 11. HP: 56/56 MP: 21/21
 11295 | D:10     | Noticed a two-headed ogre
 11338 | D:10     | Killed a two-headed ogre
 11338 | D:10     | Reached skill level 6 in Fighting
 11512 | D:10     | Reached skill level 7 in Fighting
 11641 | D:10     | Reached skill level 1 in Evocations
 11683 | D:10     | Noticed a two-headed ogre
 11692 | D:10     | Killed a two-headed ogre
 11692 | D:10     | Reached skill level 2 in Evocations
 12144 | D:11     | Reached skill level 3 in Evocations
 12191 | D:12     | Reached skill level 9 in Hexes
 12379 | D:10     | Reached skill level 4 in Evocations
 12609 | D:11     | Reached skill level 9 in Short Blades
 13010 | D:13     | Noticed a four-headed hydra
 13018 | D:13     | Killed a four-headed hydra
 13018 | D:13     | Reached skill level 10 in Hexes
 13025 | D:13     | Noticed a wizard
 13034 | D:13     | Found a labyrinth entrance.
 13041 | D:13     | Killed a wizard
 13048 | Lab      | Entered a labyrinth
 14975 | Lab      | Noticed a minotaur
 14977 | Lab      | Killed a minotaur
 14977 | Lab      | Reached skill level 10 in Short Blades
 14977 | Lab      | Reached XP level 12. HP: 63/63 MP: 22/22
 14979 | Lab      | Found the ring of the Mage {Wiz MR++ Int+3}
 14979 | Lab      | Found the +4 skin of Zhor {rC+++}
 15220 | D:13     | Reached skill level 9 in Dodging
 15238 | D:13     | Noticed a two-headed ogre
 15271 | D:13     | Killed a two-headed ogre
 15271 | D:13     | Reached skill level 13 in Stealth
 15719 | D:13     | Noticed a centaur warrior
 15731 | D:13     | Found a runed door.
 15731 | D:13     | Noticed a frost giant
 15731 | D:13     | Noticed an orc warlord
 15731 | D:13     | Noticed a deep troll earth mage
 16139 | Lair:1   | Killed a four-headed hydra
 16139 | Lair:1   | Reached skill level 10 in Dodging
 16413 | Lair:1   | Reached skill level 14 in Stealth
 16547 | Lair:1   | Reached skill level 11 in Dodging
 16875 | Lair:2   | Noticed a four-headed hydra
 16891 | Lair:2   | Killed a four-headed hydra
 16942 | Lair:2   | Noticed a five-headed hydra
 16969 | Lair:2   | Killed a five-headed hydra
 17050 | Lair:2   | Noticed a seven-headed hydra
 17097 | Lair:2   | Killed a seven-headed hydra
 17097 | Lair:2   | Reached skill level 12 in Dodging
 17097 | Lair:2   | Reached skill level 15 in Stealth
 18244 | Lair:3   | Found a hole to the Spider Nest.
 18427 | Lair:3   | Noticed a six-headed hydra
 18442 | Lair:3   | Killed a six-headed hydra
 18495 | Lair:3   | Reached skill level 16 in Stealth
 18505 | Lair:3   | Noticed a four-headed hydra
 18728 | Lair:3   | Killed a four-headed hydra
 18728 | Lair:3   | Reached XP level 13. HP: 68/68 MP: 23/23
 18957 | Lair:3   | Reached skill level 8 in Fighting
 19179 | Lair:3   | Found a staircase to the Swamp.
 20127 | Lair:4   | Reached skill level 17 in Stealth
 20550 | Lair:4   | Reached skill level 9 in Fighting
 22116 | Lair:6   | Entered Level 6 of the Lair of Beasts
 22187 | Lair:6   | Reached skill level 18 in Stealth
 22339 | Lair:6   | Learned a level 3 spell: Dazzling Spray
 22417 | Lair:6   | Reached skill level 5 in Evocations
 23019 | Lair:6   | Found a staircase to the Slime Pits.
 23398 | Lair:6   | Reached skill level 6 in Evocations
 23514 | Lair:6   | Reached XP level 14. HP: 76/76 MP: 24/24
 23886 | Lair:6   | Reached skill level 19 in Stealth
 24230 | Lair:6   | Reached skill level 10 in Fighting
 24242 | Lair:6   | Reached skill level 11 in Hexes
 24292 | Lair:6   | Reached skill level 7 in Evocations
 24455 | Lair:6   | Got a fine silver ring
 24457 | Lair:6   | Got a wavering lapis lazuli ring
 24894 | D:8      | Identified the ring "Poenuuti" {+Fly Dex+2} (You found it on level 6 of the Lair of Beasts)
 24896 | D:8      | Identified the ring "Taass" {rPois Int+5 Slay+2} (You found it on level 6 of the Lair of Beasts)
 24898 | D:8      | Bought the ring of Caduem {Fire rElec MR+} for 535 gold pieces
 25778 | D:12     | Got a sheer robe
 25789 | D:12     | Identified the +2 robe of Marbles {MP+9 Str+3} (You found it on level 12 of the Dungeon)
 25842 | D:12     | Found a staircase to the Orcish Mines.
 26795 | D:13     | Reached skill level 20 in Stealth
 27068 | D:14     | Reached skill level 8 in Evocations
 27129 | Orc:1    | Entered Level 1 of the Orcish Mines
 27466 | Orc:1    | Noticed Maurice
 27480 | Orc:1    | Killed Maurice
 27600 | Orc:1    | Noticed Nergalle
 27607 | Orc:1    | Killed Nergalle
 27709 | Orc:2    | Entered Level 2 of the Orcish Mines
 27795 | Orc:2    | Noticed a stone giant
 27878 | Orc:2    | HP: 7/77 [stone giant/large rock (51)]
 27878 | Orc:2    | Slain by an orc warrior

Vault maps used:
D:1:      elethiomel_arrival_shortcut, minmay_misc_feat_diagonals
D:2:      lemuel_round_altar, hangedman_ru_absence
D:4:      kennysheep_little_box, minmay_temple_entry_statues, tso_metal_star,
          uniq_crazy_yiuf_cottage, uniq_edmund
D:5:      kennysheep_mini, first_ration, minmay_misc_feat_rugged,
          xom_teletrap_fun, uniq_eustachio
D:6:      minmay_misc_feat_iff, dk_yredelemnul_ordeal
D:7:      kennysheep_slugbush, nicolae_overflow_crystal_walls,
          nicolae_overflow_hidden_temple, basic_altar, uniq_joseph,
          uniq_menkaure
D:8:      dancing_weapons_uskayaw, lair_entry_dummy, special_room,
          enter_bailey_2, serial_shops, shop
D:9:      lemuel_crystal_altar, uniq_erica
D:10:     blue_anna_alchemist
D:12:     orc_0_dummy, laboratory
D:13:     minmay_gate_of_8, lab_entry_generic, minivault_14,
          minmay_variable_closet
D:14:     lightli_vaults_fourway_checkpoint, palyth_stone_intersect,
          uniq_rupert, uniq_josephine, uniq_louise
Temple:   zaba_magenta_temple
Lair:1:   columned_hall_lemuel, serial_bayou_pond_a
Lair:2:   minmay_lair_oklob_bushes
Lair:3:   nicolae_swamp_entry_splash_gauntlet, nicolae_spider_entry_non_spiders,
          grunt_megastairs_2, lemuel_fruit_fields, infiniplex_staircase_pool,
          serial_bayou_shore_a, serial_bayou_shore_b
Lair:6:   evilmike_catoblepas_cave, dpeg_slime_entry_corner
Orc:1:    uniq_maurice, uniq_nergalle
Orc:2:    st_orc_pillars, nicolae_volcano_entry_two_sided

Skill      XL: |  1  2  3  4  5  6  7  8  9 10 11 12 13 14 |
---------------+-------------------------------------------+-----
Short Blades   | 2 3 4 5 8 10 | 10.0
Stealth        | 5 6 7 8 10 12 16 18 20 | 20.4
Shields        | 1 2 3 4 |  4.0
Hexes          | 5 6 8 10 11 | 11.8
Spellcasting   | 4 6 |  6.0
Fighting       | 3 4 5 7 9 10 | 10.0
Dodging        | 6 8 12 | 12.1
Ice Magic      | 1 3 |  3.1
Evocations     | 4 6 8 |  8.5

Action                   |  1- 3 |  4- 6 |  7- 9 | 10-12 | 13-15 || total
-------------------------+-------+-------+-------+-------+-------++-------
Melee: Dagger            |    55 |     2 |   267 |   652 |   651 ||  1627
       Short sword       |    57 |    61 |    34 |       |       ||   152
 Fire: Blowgun           |     3 |       |     6 |     3 |       ||    12
       Fustibalus        |       |       |       |     5 |       ||     5
 Cast: Corona            |     6 |     2 |     2 |       |     3 ||    13
       Ensorcelled Hiber |    22 |     7 |    29 |    41 |    25 ||   124
       Confuse           |     1 |     8 |    55 |   123 |    98 ||   285
       Dazzling Spray    |       |       |       |       |    36 ||    36
Invok: Call Merchant     |       |       |       |       |     1 ||     1
Evoke: Wand              |       |       |    11 |    13 |    15 ||    39
  Use: Scroll            |       |       |     2 |    19 |    11 ||    32
       Potion            |       |       |       |     1 |       ||     1
 Stab: Sleeping          |    21 |    10 |    32 |    57 |    38 ||   158
       Confused          |       |     4 |    20 |    54 |    52 ||   130
       Distracted        |       |     1 |     3 |    12 |     9 ||    25
       Paralysed         |       |       |       |     1 |       ||     1
       Invisible         |       |       |       |       |    22 ||    22
       Petrifying        |       |       |       |       |     2 ||     2
  Eat: Ration            |     1 |     1 |     5 |     9 |     6 ||    22
Armor: Robe              |     5 |     4 |     5 |     7 |       ||    21
       Animal skin       |       |       |       |     9 |    15 ||    24
Dodge: Dodged            |    69 |    34 |   133 |   267 |   290 ||   793
Block: Buckler           |       |       |    63 |   121 |   159 ||   343
       Reflection        |       |       |       |       |     2 ||     2

Table legend:
 A = Spawn XP
 B = Non-spawn XP
 C = Spawn XP percentage of total XP
 D = Spawn monster count
 E = Non-spawn monster count
 F = Spawn count percentage of total count
 G = Total turns spent on level
                    A         B        C        D         E        F      G
               +---------+---------+-------+---------+---------+-------+---------
         Total |       0 |   88439 |   0.0 |       0 |     558 |   0.0 | 27878
               +---------+---------+-------+---------+---------+-------+---------
           D:1 |       0 |      32 |   0.0 |       0 |      18 |   0.0 |  1339
           D:2 |       0 |      27 |   0.0 |       0 |      16 |   0.0 |  1148
           D:3 |       0 |      45 |   0.0 |       0 |      18 |   0.0 |   879
           D:4 |       0 |    1055 |   0.0 |       0 |      26 |   0.0 |  1904
           D:5 |       0 |     747 |   0.0 |       0 |      18 |   0.0 |   855
           D:6 |       0 |     793 |   0.0 |       0 |      22 |   0.0 |   991
           D:7 |       0 |    1957 |   0.0 |       0 |      38 |   0.0 |  1671
           D:8 |       0 |    1499 |   0.0 |       0 |      53 |   0.0 |  1118
           D:9 |       0 |    3463 |   0.0 |       0 |      31 |   0.0 |  1160
          D:10 |       0 |    5654 |   0.0 |       0 |      38 |   0.0 |  1434
          D:11 |       0 |    3931 |   0.0 |       0 |      29 |   0.0 |  1157
          D:12 |       0 |    5138 |   0.0 |       0 |      21 |   0.0 |  1302
          D:13 |       0 |    6347 |   0.0 |       0 |      33 |   0.0 |  1307
          D:14 |       0 |     457 |   0.0 |       0 |       3 |   0.0 |    57
        Lair:1 |       0 |    4943 |   0.0 |       0 |      17 |   0.0 |   751
        Lair:2 |       0 |    4357 |   0.0 |       0 |      12 |   0.0 |  1372
        Lair:3 |       0 |    6992 |   0.0 |       0 |      31 |   0.0 |  1583
        Lair:4 |       0 |    8179 |   0.0 |       0 |      34 |   0.0 |  1104
        Lair:5 |       0 |    4081 |   0.0 |       0 |      16 |   0.0 |  1414
        Lair:6 |       0 |   22004 |   0.0 |       0 |      56 |   0.0 |  2545
         Orc:1 |       0 |    4388 |   0.0 |       0 |      18 |   0.0 |   696
         Orc:2 |       0 |    1196 |   0.0 |       0 |       9 |   0.0 |    53
           Lab |       0 |    1154 |   0.0 |       0 |       1 |   0.0 |  1990
               +---------+---------+-------+---------+---------+-------+---------
